 Dungeon Crawl Stone Soup version 0.21-a0-265-gb353147 (console) character file.

36 removed the Conjurer (level 3, -3/26 HPs)
             Began as a Demigod Venom Mage on Sept 10, 2017.
             Slain by a gnoll (5 damage)
             ... on level 2 of the Dungeon.
             The game lasted 00:03:11 (1538 turns).

removed the Conjurer (Demigod Venom Mage)           Turns: 1538, Time: 00:03:11

Health: -3/26      AC:  3    Str: 11    XL:     3   Next: 5%
Magic:  7/8        EV: 12    Int: 21    God:
Gold:   84         SH:  0    Dex: 16    Spells: 4/5 levels left

rFire    . . .     SeeInvis .   (no weapon)
rCold    . . .     Gourm    .   (no shield)
rNeg     . . .     Faith    .   a - +0 robe
rPois    .         Spirit   .   j - +0 helmet
rElec    .         Reflect  .   (no cloak)
rCorr    .         Harm     .   (no gloves)
MR       .....                  (no boots)
Stlth    ++........             (no amulet)
HPRegen  0.08/turn              (no ring)
MPRegen  0.11/turn              (no ring)

@: about to teleport
A: high mp 1
a: no special abilities


You were on level 2 of the Dungeon.
You were hungry.

You visited 1 branch of the dungeon, and saw 2 of its levels.

You collected 84 gold pieces.

Inventory:

Hand Weapons
 g - a +0 dagger
 h - a +0 whip
Armour
 a - a +0 robe (worn)
 j - a +0 helmet (worn)
Scrolls
 m - 3 scrolls of identify {unknown}
Potions
 d - a potion of flight {unknown}
 i - a potion of heal wounds {unknown}
 k - a potion of cancellation {unknown}
Books
 b - a Young Poisoner's Handbook

   Spells                             Type                      Level
   a - Sting                          Conjuration/Poison           1
   b - Poisonous Vapours              Poison/Air                   2
   c - Mephitic Cloud                 Conjuration/Poison/Air       3
   d - Olgreb's Toxic Radiance        Poison                       4
   e - Venom Bolt                     Conjuration/Poison           5
Comestibles
 c - a bread ration


   Skills:
 - Level 1.7 Dodging
 - Level 1.7 Stealth
 - Level 1.7 Spellcasting
 + Level 2.9 Conjurations
 - Level 2.6 Poison Magic


You had 4 spell levels left.
You knew the following spells:

 Your Spells              Type           Power        Failure   Level  Hunger
a - Sting                 Conj/Pois      ##..         4%          1    #......


Dungeon Overview and Level Annotations

Branches:
Dungeon (2/15)

Annotations:
D:2 exclusion: 2 gnolls


Innate Abilities, Weirdness & Mutations

You have an increased reservoir of magic. (+10% MP)


Message History

a spear; 8 gold pieces; a gnoll corpse
There is a stone staircase leading down here.
The gnoll hits you with a flail.
All of the chunks of flesh in your inventory have rotted away.
There is a stone staircase leading down here.
The gnoll shouts!
The gnoll hits you with a flail!
As you read the scroll labeled LOAMUAHAINIO, it crumbles to dust.
The creatures around you are filled with an inner flame!
It was a scroll of immolation.
The gnoll misses you. The gnoll hits you with a flail.
As you read the scroll labeled XOUTHUQ UTYBI, it crumbles to dust.
You feel blessed for a moment.
It was a scroll of remove curse.
You are feeling hungry.
The gnoll hits you with a flail.
* * * LOW HITPOINT WARNING * * *
As you read the scroll labeled YCZARAE SAZALE, it crumbles to dust.
You feel strangely unstable.
It was a scroll of teleportation.
The gnoll hits you.
You die...

......g...#.####..g.#
.......##.#...##....#
#########.###†.#..<.#
# #.####...#### #
#...####.# #
###g####.## #
#...##..# # ###.###g#
# #..g@.# # ####g.# #
####


You could see 3 gnolls.

Vanquished Creatures
  A gnoll (D:2)
  A dart slug (D:1)
  2 ball pythons
  2 bats (D:1)
  4 goblins (D:1)
  3 hobgoblins (D:1)
  5 kobolds
  2 quokkas (D:2)
  2 rats
22 creatures vanquished.

Notes
Turn   | Place    | Note
-------+----------+-------------------------------------------
     0 | D:1      | removed the Demigod Venom Mage began the quest for the Orb.
     0 | D:1      | Reached XP level 1. HP: 14/14 MP: 5/5
    41 | D:1      | Reached skill level 1 in Conjurations
   403 | D:1      | Reached XP level 2. HP: 20/20 MP: 5/7
  1494 | D:2      | Reached XP level 3. HP: 23/26 MP: 2/8
  1538 | D:2      | Slain by a gnoll

Vault maps used:
D:1:      dpeg_arrival_more_subterranean_lakeside_camping
D:2:      nicolae_qazlal_eye_of_the_storm

Skill      XL: |  1 |
---------------+----+-----
Conjurations   | 2 |  2.9
Dodging        | |  1.7
Stealth        | |  1.7
Spellcasting   | |  1.7
Poison Magic   | |  2.6

Action                   || total
-------------------------++-------
 Cast: Sting             ||    44
  Use: Scroll            ||     3
  Eat: Chunk             ||     2
Armor: Robe              ||     1
Dodge: Dodged            ||     3

Table legend:
 A = Spawn XP
 B = Non-spawn XP
 C = Spawn XP percentage of total XP
 D = Spawn monster count
 E = Non-spawn monster count
 F = Spawn count percentage of total count
 G = Total turns spent on level
                    A         B        C        D         E        F      G
               +---------+---------+-------+---------+---------+-------+---------
         Total |       0 |      52 |   0.0 |       0 |      22 |   0.0 |  1538
               +---------+---------+-------+---------+---------+-------+---------
           D:1 |       0 |      29 |   0.0 |       0 |      15 |   0.0 |  1054
           D:2 |       0 |      23 |   0.0 |       0 |       7 |   0.0 |   484
               +---------+---------+-------+---------+---------+-------+---------
